3111 views
Uploaded 2020-02-28 16:10:34
Game version 1.32.2
41:05 long 4on4 ladder game on (8)Battleground_LV
Saved by BEARAND
3111 views
Uploaded 2020-02-28 16:10:34
Game version 1.32.2
41:05 long 4on4 ladder game on (8)Battleground_LV


239 units @ 39.8k
/ 7.3k
89 buildings @ 13.6k
/ 6.6k


| Orb of Venom | 1 | 325 |
| Staff of Preservation | 1 | 150 |
| Scroll of Town Portal | 2 | 700 |
| Boots of Speed | 1 | 250 |
| total: | 5 | 1425g |
| Wisp | 29 | 1740 | / | 0 |
| Archer | 22 | 2860 | / | 220 |
| Hippogryph | 7 | 1120 | / | 140 |
| Chimaera | 25 | 8250 | / | 1750 |
| total: | 83 | 13970g | / | 2110w |
| Ancient Protector | 2 | 270 | / | 160 |
| Altar of Elders | 1 | 180 | / | 50 |
| Moon Well | 8 | 1440 | / | 320 |
| Ancient of War | 1 | 150 | / | 60 |
| Hunter's Hall | 1 | 210 | / | 100 |
| Ancient of Wonders | 1 | 90 | / | 30 |
| Tree of Life | 1 | 340 | / | 185 |
| Ancient of Wind | 1 | 150 | / | 140 |
| Chimaera Roost | 2 | 280 | / | 380 |
| Tree of Ages | 1 | 320 | / | 180 |
| Tree of Eternity | 1 | 330 | / | 200 |
| total: | 18 | 3110g | / | 1425w |
| 0:05 | Altar of Elders |
| 0:09 | Moon Well |
| 0:11 | Wisp |
| 0:11 | Wisp |
| 0:15 | Wisp |
| 0:30 | Ancient of War |
| 0:37 | Wisp |
| 0:48 | Wisp |
| 1:14 | Wisp |
| 1:14 | Wisp |
| 1:37 | Archer |
| 1:37 | Archer |
| 1:47 | Moon Well |
| 1:52 | Wisp |
| 2:45 | Tree of Ages |
| 3:08 | Evasion |
| 3:14 | Archer |
| 3:14 | Archer |
| 3:16 | Archer |
| 3:23 | Hunter's Hall |
| 3:25 | Archer |
| 3:37 | Archer |
| 3:39 | Archer |
| 3:57 | Moon Well |
| 4:14 | Mana Burn |
| 4:26 | Ancient of Wonders |
| 5:11 | Archer |
| 5:11 | Archer |
| 5:14 | Strength of the Moon |
| 5:14 | Moon Armor |
| 6:17 | Archer |
| 6:17 | Archer |
| 6:25 | Ancient of Wind |
| 6:31 | Archer |
| 6:31 | Archer |
| 7:14 | Archer |
| 7:18 | Moon Well |
| 7:48 | Hippogryph |
| 7:48 | Hippogryph |
| 8:01 | Trueshot Aura |
| 8:42 | Archer |
| 8:43 | Archer |
| 9:36 | Archer |
| 9:37 | Archer |
| 9:37 | Archer |
| 9:38 | Hippogryph |
| 9:41 | Hippogryph |
| 9:57 | Hippogryph |
| 10:46 | Archer |
| 10:47 | Archer |
| 10:50 | Moon Well |
| 11:07 | Tree of Life |
| 11:41 | Scroll of Town Portal |
| 11:56 | Evasion |
| 12:19 | Boots of Speed |
| 12:33 | Moon Well |
| 12:37 | Hippogryph |
| 13:35 | Hippogryph |
| 14:01 | Wisp |
| 14:16 | Wisp |
| 14:16 | Wisp |
| 14:17 | Wisp |
| 14:17 | Wisp |
| 14:18 | Wisp |
| 14:29 | Ancient Protector |
| 14:34 | Ancient Protector |
| 15:40 | Wisp |
| 16:45 | Tree of Eternity |
| 18:20 | Wisp |
| 18:20 | Wisp |
| 18:21 | Wisp |
| 18:21 | Wisp |
| 18:21 | Wisp |
| 18:21 | Wisp |
| 18:21 | Wisp |
| 19:12 | Chimaera Roost |
| 19:52 | Chimaera Roost |
| 20:01 | Wisp |
| 20:01 | Wisp |
| 20:01 | Wisp |
| 20:01 | Wisp |
| 20:02 | Wisp |
| 20:02 | Wisp |
| 20:04 | Wisp |
| 21:27 | Corrosive Breath |
| 21:43 | Orb of Venom |
| 21:55 | Scroll of Town Portal |
| 22:00 | Staff of Preservation |
| 22:05 | Chimaera |
| 22:05 | Chimaera |
| 22:05 | Chimaera |
| 22:06 | Chimaera |
| 22:08 | Chimaera |
| 22:08 | Chimaera |
| 22:08 | Chimaera |
| 22:08 | Chimaera |
| 24:59 | Chimaera |
| 25:01 | Chimaera |
| 25:30 | Chimaera |
| 25:31 | Chimaera |
| 26:10 | Ultravision |
| 26:19 | Strength of the Wild |
| 26:20 | Reinforced Hides |
| 26:41 | Mana Burn |
| 26:53 | Moon Well |
| 26:56 | Moon Well |
| 27:43 | Chimaera |
| 27:56 | Improved Strength of the Wild |
| 31:12 | Chimaera |
| 31:12 | Chimaera |
| 31:12 | Chimaera |
| 31:14 | Chimaera |
| 31:14 | Chimaera |
| 31:14 | Chimaera |
| 31:14 | Chimaera |
| 32:15 | Advanced Strength of the Wild |
| 32:15 | Improved Reinforced Hides |
| 37:11 | Trueshot Aura |
| 37:12 | Searing Arrows |
| 37:18 | Advanced Reinforced Hides |
| 38:15 | Searing Arrows |
| 40:28 | Chimaera |
| 40:29 | Chimaera |
| 40:30 | Chimaera |
| 40:30 | Chimaera |
| 40:56 | Chimaera |
| Right click | 2124 |
| Select group | 422 |
| Select | 394 |
| Misc. action | 177 |
| Build/train/purchase | 124 |
| Use ability | 28 |
| Assign group | 12 |
| Remove unit | 4 |
| Item give/drop | 3 |



| Orb of Venom | 1 | 325 |
| Staff of Preservation | 1 | 150 |
| Potion of Healing | 1 | 150 |
| Potion of Mana | 1 | 200 |
| Anti-magic Potion | 1 | 100 |
| Scroll of Healing | 6 | 1500 |
| Scroll of Town Portal | 3 | 1050 |
| Potion of Lesser Invulnerability | 4 | 600 |
| total: | 18 | 4075g |
| Wisp | 33 | 1980 | / | 0 |
| Archer | 3 | 390 | / | 30 |
| Huntress | 2 | 390 | / | 40 |
| Dryad | 5 | 725 | / | 300 |
| Druid of the Talon | 2 | 290 | / | 40 |
| Mountain Giant | 3 | 1050 | / | 300 |
| Faerie Dragon | 1 | 155 | / | 25 |
| Glaive Thrower | 5 | 1050 | / | 325 |
| Druid of the Claw | 1 | 255 | / | 80 |
| Chimaera | 5 | 1650 | / | 350 |
| Forest Troll Berserker | 1 | 245 | / | 30 |
| total: | 61 | 8180g | / | 1520w |
| Ancient Protector | 4 | 540 | / | 320 |
| Altar of Elders | 1 | 180 | / | 50 |
| Moon Well | 9 | 1620 | / | 360 |
| Ancient of War | 2 | 300 | / | 120 |
| Hunter's Hall | 1 | 210 | / | 100 |
| Tree of Life | 2 | 680 | / | 370 |
| Ancient of Wonders | 1 | 90 | / | 30 |
| Ancient of Wind | 1 | 150 | / | 140 |
| Ancient of Lore | 2 | 310 | / | 290 |
| Chimaera Roost | 2 | 280 | / | 380 |
| Tree of Ages | 1 | 320 | / | 180 |
| Tree of Eternity | 1 | 330 | / | 200 |
| total: | 25 | 4360g | / | 2160w |
| 0:02 | Wisp |
| 0:02 | Wisp |
| 0:04 | Altar of Elders |
| 0:16 | Wisp |
| 0:18 | Moon Well |
| 0:41 | Wisp |
| 0:44 | Wisp |
| 0:46 | Ancient of War |
| 0:55 | Wisp |
| 1:03 | Wisp |
| 1:26 | Wisp |
| 1:41 | Wisp |
| 1:47 | Hunter's Hall |
| 1:50 | Archer |
| 2:06 | Moon Well |
| 2:14 | Mana Burn |
| 3:22 | Huntress |
| 3:24 | Tree of Ages |
| 3:31 | Moon Well |
| 4:05 | Huntress |
| 4:18 | Moon Well |
| 4:36 | Strength of the Wild |
| 4:38 | Archer |
| 4:42 | Evasion |
| 5:57 | Tree of Life |
| 6:01 | Mana Burn |
| 6:07 | Wisp |
| 6:07 | Wisp |
| 6:07 | Wisp |
| 6:08 | Wisp |
| 6:08 | Wisp |
| 6:20 | Ancient Protector |
| 6:26 | Ancient of Wind |
| 6:34 | Ancient of Lore |
| 7:08 | Breath of Fire |
| 7:37 | Wisp |
| 7:37 | Wisp |
| 7:37 | Wisp |
| 7:37 | Wisp |
| 8:41 | Dryad |
| 8:42 | Tree of Eternity |
| 8:43 | Druid of the Talon |
| 9:16 | Archer |
| 9:17 | Dryad |
| 9:18 | Druid of the Talon |
| 9:26 | Drunken Haze |
| 10:15 | Abolish Magic |
| 10:17 | Reinforced Hides |
| 10:37 | Ancient of Wonders |
| 10:39 | Moon Well |
| 10:45 | Forest Troll Berserker |
| 11:11 | Frost Arrows |
| 11:33 | Druid of the Claw Adept Training |
| 11:36 | Moon Well |
| 11:44 | Scroll of Healing |
| 11:44 | Scroll of Healing |
| 11:44 | Potion of Lesser Invulnerability |
| 12:08 | Mountain Giant |
| 12:12 | Faerie Dragon |
| 12:17 | Orb of Venom |
| 12:46 | Evasion |
| 12:56 | Dryad |
| 13:00 | Ancient of Lore |
| 13:06 | Scroll of Town Portal |
| 13:10 | Staff of Preservation |
| 13:19 | Wisp |
| 14:16 | Resistant Skin |
| 14:19 | Hardened Skin |
| 14:24 | Improved Reinforced Hides |
| 14:48 | Glaive Thrower |
| 14:50 | Glaive Thrower |
| 14:51 | Vorpal Blades |
| 14:53 | Ancient of War |
| 15:33 | Mountain Giant |
| 15:36 | Wisp |
| 15:36 | Wisp |
| 16:46 | Tree of Life |
| 16:47 | Wisp |
| 16:48 | Wisp |
| 17:26 | Breath of Fire |
| 17:46 | Glaive Thrower |
| 17:54 | Wisp |
| 17:54 | Wisp |
| 18:01 | Scroll of Town Portal |
| 18:01 | Potion of Healing |
| 18:01 | Potion of Mana |
| 18:15 | Well Spring |
| 19:14 | Nature's Blessing |
| 19:18 | Glaive Thrower |
| 19:21 | Druid of the Claw |
| 20:23 | Dryad |
| 20:26 | Glaive Thrower |
| 20:32 | Potion of Lesser Invulnerability |
| 20:35 | Scroll of Healing |
| 20:39 | Scroll of Healing |
| 21:53 | Wisp |
| 21:53 | Wisp |
| 21:53 | Wisp |
| 21:53 | Wisp |
| 21:54 | Wisp |
| 22:12 | Advanced Reinforced Hides |
| 22:15 | Mountain Giant |
| 22:40 | Ancient Protector |
| 22:42 | Ancient Protector |
| 22:42 | Ancient Protector |
| 23:10 | Scroll of Town Portal |
| 23:11 | Potion of Lesser Invulnerability |
| 23:11 | Scroll of Healing |
| 25:00 | Chimaera Roost |
| 25:03 | Chimaera Roost |
| 25:05 | Wisp |
| 25:05 | Wisp |
| 25:05 | Wisp |
| 25:08 | Potion of Lesser Invulnerability |
| 25:55 | Anti-magic Potion |
| 26:07 | Improved Strength of the Wild |
| 26:28 | Chimaera |
| 26:29 | Corrosive Breath |
| 27:05 | Dryad |
| 27:27 | Chimaera |
| 27:51 | Moon Well |
| 28:20 | Moon Well |
| 28:21 | Moon Well |
| 28:27 | Chimaera |
| 30:40 | Chimaera |
| 33:33 | Scroll of Healing |
| 34:40 | Chimaera |
| Right click | 1321 |
| Select | 626 |
| Select group | 385 |
| Build/train/purchase | 151 |
| Use ability | 87 |
| Assign group | 56 |
| Resource trade | 27 |
| Item give/drop | 13 |
| Minimap ping | 10 |
| Misc. action | 8 |
| Chat | 4 |
| Esc | 2 |


| Rod of Necromancy | 3 | 450 |
| Potion of Healing | 4 | 600 |
| Orb of Corruption | 1 | 375 |
| Scroll of Healing | 1 | 250 |
| Scroll of Town Portal | 1 | 350 |
| total: | 10 | 2025g |
| Acolyte | 9 | 675 | / | 0 |
| Ghoul | 4 | 480 | / | 0 |
| Crypt Fiend | 18 | 3870 | / | 720 |
| Frost Wyrm | 11 | 4235 | / | 1320 |
| total: | 42 | 9260g | / | 2040w |
| Nerubian Tower | 2 | 200 | / | 40 |
| Spirit Tower | 4 | 580 | / | 160 |
| Altar of Darkness | 1 | 180 | / | 50 |
| Ziggurat | 10 | 1500 | / | 500 |
| Crypt | 1 | 200 | / | 50 |
| Graveyard | 1 | 215 | / | 0 |
| Tomb of Relics | 1 | 130 | / | 30 |
| Sacrificial Pit | 1 | 75 | / | 150 |
| Boneyard | 4 | 700 | / | 800 |
| Halls of the Dead | 1 | 320 | / | 210 |
| Black Citadel | 1 | 325 | / | 230 |
| total: | 19 | 3000g | / | 1580w |
| 0:07 | Acolyte |
| 0:08 | Acolyte |
| 0:13 | Altar of Darkness |
| 0:18 | Ziggurat |
| 0:39 | Crypt |
| 1:10 | Ziggurat |
| 1:31 | Nerubian Tower |
| 1:44 | Ghoul |
| 2:09 | Graveyard |
| 2:18 | Ghoul |
| 2:33 | Ziggurat |
| 2:39 | Tomb of Relics |
| 2:45 | Death Coil |
| 3:32 | Crypt Fiend |
| 3:32 | Crypt Fiend |
| 4:01 | Nerubian Tower |
| 4:16 | Creature Attack |
| 4:16 | Creature Carapace |
| 4:30 | Halls of the Dead |
| 4:41 | Rod of Necromancy |
| 4:59 | Ziggurat |
| 5:38 | Crypt Fiend |
| 6:20 | Crypt Fiend |
| 6:28 | Unholy Aura |
| 6:38 | Spirit Tower |
| 6:43 | Crypt Fiend |
| 7:45 | Web |
| 7:45 | Crypt Fiend |
| 7:46 | Crypt Fiend |
| 9:02 | Black Citadel |
| 9:07 | Crypt Fiend |
| 9:07 | Crypt Fiend |
| 9:58 | Crypt Fiend |
| 9:58 | Crypt Fiend |
| 10:25 | Sacrificial Pit |
| 10:43 | Frost Nova |
| 10:46 | Rod of Necromancy |
| 10:47 | Potion of Healing |
| 11:49 | Burrow |
| 11:57 | Boneyard |
| 12:00 | Boneyard |
| 12:06 | Ziggurat |
| 13:09 | Boneyard |
| 13:14 | Frost Wyrm |
| 13:56 | Death Coil |
| 13:59 | Potion of Healing |
| 14:00 | Rod of Necromancy |
| 14:12 | Ziggurat |
| 14:24 | Acolyte |
| 14:45 | Cannibalize |
| 14:49 | Ghoul Frenzy |
| 14:51 | Ghoul |
| 15:02 | Acolyte |
| 15:02 | Acolyte |
| 15:03 | Acolyte |
| 15:03 | Acolyte |
| 15:38 | Freezing Breath |
| 17:21 | Ziggurat |
| 17:23 | Ziggurat |
| 17:23 | Ziggurat |
| 17:25 | Ziggurat |
| 17:35 | Improved Creature Attack |
| 18:17 | Spirit Tower |
| 18:35 | Acolyte |
| 18:36 | Acolyte |
| 18:43 | Spirit Tower |
| 19:03 | Crypt Fiend |
| 19:09 | Frost Wyrm |
| 19:57 | Potion of Healing |
| 19:58 | Potion of Healing |
| 19:58 | Orb of Corruption |
| 21:25 | Frost Wyrm |
| 21:25 | Frost Wyrm |
| 22:03 | Frost Wyrm |
| 22:28 | Boneyard |
| 23:15 | Frost Wyrm |
| 23:35 | Frost Armor |
| 24:38 | Frost Wyrm |
| 24:38 | Frost Wyrm |
| 25:27 | Scroll of Healing |
| 25:36 | Scroll of Town Portal |
| 28:18 | Frost Wyrm |
| 29:36 | Spirit Tower |
| 31:36 | Frost Wyrm |
| 32:05 | Advanced Creature Attack |
| 32:06 | Improved Creature Carapace |
| 36:42 | Frost Wyrm |
| 36:48 | Ghoul |
| 37:07 | Advanced Creature Carapace |
| 37:11 | Crypt Fiend |
| 37:12 | Crypt Fiend |
| 38:13 | Crypt Fiend |
| 39:07 | Crypt Fiend |
| 39:07 | Crypt Fiend |
| 39:08 | Crypt Fiend |
| Right click | 1701 |
| Select group | 383 |
| Select | 375 |
| Build/train/purchase | 91 |
| Misc. action | 76 |
| Assign group | 48 |
| Use ability | 38 |
| Minimap ping | 11 |
| Remove unit | 3 |
| Item give/drop | 2 |
| Esc | 1 |



| Scroll of Regeneration | 10 | 1000 |
| Lesser Clarity Potion | 7 | 490 |
| Orb of Fire | 2 | 650 |
| Staff of Sanctuary | 1 | 250 |
| Potion of Mana | 1 | 200 |
| Potion of Healing | 2 | 300 |
| Scroll of Town Portal | 8 | 2800 |
| total: | 31 | 5690g |
| Peasant | 17 | 1275 | / | 0 |
| Rifleman | 14 | 2870 | / | 420 |
| Mortar Team | 6 | 1080 | / | 420 |
| Flying Machine | 5 | 500 | / | 150 |
| Knight | 11 | 2695 | / | 660 |
| total: | 53 | 8420g | / | 1650w |
| Scout Tower | 7 | 210 | / | 140 |
| Arcane Tower | 2 | 140 | / | 100 |
| Guard Tower | 3 | 210 | / | 150 |
| Altar of Kings | 1 | 180 | / | 50 |
| Farm | 10 | 800 | / | 200 |
| Blacksmith | 1 | 140 | / | 60 |
| Barracks | 1 | 160 | / | 60 |
| Lumber Mill | 1 | 120 | / | 0 |
| Arcane Vault | 1 | 130 | / | 30 |
| Town Hall | 3 | 1155 | / | 615 |
| Workshop | 2 | 280 | / | 280 |
| Keep | 1 | 320 | / | 210 |
| Castle | 1 | 360 | / | 210 |
| total: | 27 | 3175g | / | 1435w |
| 0:11 | Peasant |
| 0:11 | Peasant |
| 0:20 | Altar of Kings |
| 0:25 | Farm |
| 0:38 | Peasant |
| 0:44 | Blacksmith |
| 0:54 | Peasant |
| 1:23 | Peasant |
| 1:24 | Peasant |
| 1:44 | Barracks |
| 1:48 | Peasant |
| 1:54 | Farm |
| 2:02 | Peasant |
| 2:17 | Scout Tower |
| 2:21 | Flame Strike |
| 2:35 | Farm |
| 2:52 | Rifleman |
| 2:56 | Farm |
| 3:02 | Arcane Tower |
| 3:20 | Rifleman |
| 3:27 | Lumber Mill |
| 3:30 | Peasant |
| 3:39 | Rifleman |
| 3:41 | Black Gunpowder |
| 3:42 | Peasant |
| 3:50 | Peasant |
| 4:07 | Rifleman |
| 4:23 | Siphon Mana |
| 4:28 | Arcane Vault |
| 4:42 | Rifleman |
| 5:31 | Town Hall |
| 5:37 | Town Hall |
| 5:47 | Keep |
| 6:06 | Scout Tower |
| 6:07 | Scout Tower |
| 6:09 | Scout Tower |
| 6:21 | Flame Strike |
| 6:35 | Rifleman |
| 6:56 | Rifleman |
| 7:15 | Scroll of Regeneration |
| 7:15 | Lesser Clarity Potion |
| 7:34 | Rifleman |
| 7:37 | Peasant |
| 7:37 | Peasant |
| 7:37 | Peasant |
| 7:41 | Scout Tower |
| 7:43 | Scout Tower |
| 7:46 | Scout Tower |
| 7:51 | Scroll of Regeneration |
| 8:07 | Rifleman |
| 8:12 | Guard Tower |
| 8:17 | Guard Tower |
| 8:36 | Rifleman |
| 9:05 | Guard Tower |
| 9:06 | Peasant |
| 9:09 | Rifleman |
| 10:06 | Farm |
| 10:07 | Farm |
| 10:12 | Long Rifles |
| 10:13 | Refined Gunpowder |
| 10:31 | Castle |
| 10:33 | Improved Lumber Harvesting |
| 10:34 | Workshop |
| 11:09 | Scroll of Town Portal |
| 11:10 | Scroll of Regeneration |
| 11:12 | Holy Light |
| 11:13 | Rifleman |
| 11:19 | Workshop |
| 11:29 | Studded Leather Armor |
| 11:36 | Improved Masonry |
| 12:08 | Siphon Mana |
| 12:26 | Mortar Team |
| 12:53 | Scroll of Town Portal |
| 12:53 | Scroll of Regeneration |
| 13:00 | Advanced Lumber Harvesting |
| 13:05 | Lesser Clarity Potion |
| 13:10 | Orb of Fire |
| 13:11 | Staff of Sanctuary |
| 13:15 | Flak Cannons |
| 13:21 | Farm |
| 13:22 | Farm |
| 13:33 | Flying Machine |
| 13:34 | Flying Machine |
| 13:34 | Flying Machine |
| 14:09 | Flying Machine |
| 14:27 | Flying Machine |
| 15:17 | Rifleman |
| 15:28 | Scroll of Regeneration |
| 15:31 | Scroll of Town Portal |
| 15:33 | Mortar Team |
| 15:51 | Peasant |
| 17:18 | Mortar Team |
| 17:18 | Mortar Team |
| 18:02 | Mortar Team |
| 18:04 | Imbued Gunpowder |
| 19:07 | Fragmentation Shards |
| 19:08 | Flying Machine Bombs |
| 19:14 | Scroll of Regeneration |
| 19:16 | Scroll of Town Portal |
| 19:18 | Lesser Clarity Potion |
| 19:26 | Advanced Masonry |
| 19:37 | Scroll of Town Portal |
| 19:41 | Orb of Fire |
| 19:48 | Reinforced Leather Armor |
| 20:57 | Iron Forged Swords |
| 21:00 | Animal War Training |
| 21:01 | Backpack |
| 21:03 | Flare |
| 21:48 | Mortar Team |
| 21:51 | Farm |
| 21:53 | Farm |
| 22:05 | Iron Plating |
| 22:24 | Lesser Clarity Potion |
| 22:40 | Rifleman |
| 23:09 | Divine Shield |
| 24:42 | Knight |
| 24:42 | Knight |
| 24:43 | Knight |
| 24:48 | Scroll of Regeneration |
| 24:55 | Lesser Clarity Potion |
| 24:57 | Potion of Mana |
| 25:05 | Potion of Healing |
| 25:07 | Scroll of Town Portal |
| 25:35 | Steel Forged Swords |
| 26:50 | Scroll of Regeneration |
| 27:02 | Potion of Healing |
| 27:21 | Knight |
| 27:27 | Peasant |
| 27:45 | Storm Bolt |
| 28:05 | Knight |
| 28:41 | Knight |
| 28:42 | Sundering Blades |
| 29:04 | Holy Light |
| 30:38 | Scroll of Town Portal |
| 31:36 | Knight |
| 31:49 | Scroll of Regeneration |
| 31:54 | Lesser Clarity Potion |
| 31:55 | Lesser Clarity Potion |
| 32:20 | Steel Plating |
| 33:28 | Bash |
| 35:52 | Knight |
| 36:29 | Scroll of Regeneration |
| 36:31 | Scroll of Town Portal |
| 38:29 | Knight |
| 38:29 | Knight |
| 38:54 | Town Hall |
| 39:30 | Divine Shield |
| 39:55 | Knight |
| Right click | 1541 |
| Select group | 824 |
| Select | 411 |
| Chat | 233 |
| Build/train/purchase | 176 |
| Misc. action | 124 |
| Use ability | 107 |
| Minimap ping | 83 |
| Assign group | 48 |
| Item give/drop | 1 |
| Esc | 1 |
112 units @ 9.2k
/ 0.2k
377 buildings @ 24.5k
/ 11.2k


| Scroll of Regeneration | 1 | 100 |
| Lesser Clarity Potion | 2 | 140 |
| Orb of Fire | 2 | 650 |
| Scroll of Town Portal | 2 | 700 |
| total: | 7 | 1590g |
| Peasant | 21 | 1575 | / | 0 |
| Footman | 9 | 1215 | / | 0 |
| total: | 30 | 2790g | / | 0w |
| Scout Tower | 3 | 90 | / | 60 |
| Barracks | 2 | 320 | / | 120 |
| Altar of Kings | 3 | 540 | / | 150 |
| Farm | 7 | 560 | / | 140 |
| Arcane Vault | 1 | 130 | / | 30 |
| Lumber Mill | 1 | 120 | / | 0 |
| Town Hall | 3 | 1155 | / | 615 |
| Arcane Sanctum | 1 | 150 | / | 140 |
| Keep | 1 | 320 | / | 210 |
| total: | 21 | 3065g | / | 1255w |
| 0:04 | Peasant |
| 0:05 | Peasant |
| 0:17 | Barracks |
| 0:28 | Altar of Kings |
| 0:31 | Peasant |
| 0:43 | Farm |
| 0:47 | Peasant |
| 0:50 | Peasant |
| 0:57 | Peasant |
| 1:06 | Farm |
| 1:21 | Footman |
| 1:40 | Footman |
| 1:43 | Farm |
| 1:48 | Peasant |
| 1:56 | Peasant |
| 2:19 | Summon Quilbeast |
| 2:22 | Footman |
| 2:28 | Arcane Vault |
| 2:33 | Scout Tower |
| 2:41 | Footman |
| 3:04 | Lumber Mill |
| 3:18 | Footman |
| 3:20 | Footman |
| 3:48 | Summon Hawk |
| 3:49 | Keep |
| 4:35 | Footman |
| 4:43 | Farm |
| 5:35 | Summon Hawk |
| 5:49 | Farm |
| 5:55 | Barracks |
| 6:38 | Town Hall |
| 6:54 | Arcane Sanctum |
| 6:57 | Peasant |
| 6:57 | Peasant |
| 6:57 | Peasant |
| 6:58 | Peasant |
| 7:03 | Scroll of Regeneration |
| 7:04 | Lesser Clarity Potion |
| 7:13 | Footman |
| 7:20 | Summon Water Elemental |
| 7:36 | Footman |
| 8:48 | Peasant |
| 8:48 | Peasant |
| 8:48 | Peasant |
| 8:48 | Peasant |
| 9:53 | Peasant |
| 9:54 | Peasant |
| 10:16 | Scout Tower |
| 10:21 | Scout Tower |
| 10:52 | Altar of Kings |
| 10:54 | Altar of Kings |
| 11:18 | Peasant |
| 11:18 | Peasant |
| 11:18 | Peasant |
| 12:17 | Farm |
| 13:10 | Farm |
| 14:19 | Lesser Clarity Potion |
| 27:31 | Brilliance Aura |
| 27:59 | Town Hall |
| 28:55 | Summon Bear |
| 30:16 | Orb of Fire |
| 30:34 | Orb of Fire |
| 30:44 | Scroll of Town Portal |
| 30:47 | Scroll of Town Portal |
| 31:26 | Town Hall |
| 40:25 | Summon Water Elemental |
| Right click | 1866 |
| Select group | 642 |
| Select | 491 |
| Chat | 230 |
| Build/train/purchase | 172 |
| Misc. action | 77 |
| Assign group | 70 |
| Minimap ping | 22 |
| Use ability | 5 |
| Remove unit | 2 |



| Orb of Venom | 1 | 325 |
| Lesser Clarity Potion | 4 | 280 |
| Boots of Speed | 2 | 500 |
| Staff of Teleportation | 3 | 450 |
| Potion of Invisibility | 1 | 100 |
| Circlet of Nobility | 3 | 525 |
| Periapt of Vitality | 2 | 650 |
| Scroll of Regeneration | 6 | 600 |
| Staff of Sanctuary | 3 | 750 |
| total: | 25 | 4180g |
| Wisp | 35 | 2100 | / | 0 |
| total: | 35 | 2100g | / | 0w |
| Altar of Elders | 1 | 180 | / | 50 |
| Moon Well | 37 | 6660 | / | 1480 |
| Hunter's Hall | 1 | 210 | / | 100 |
| Ancient of Wonders | 4 | 360 | / | 120 |
| Tree of Life | 4 | 1360 | / | 740 |
| Tree of Ages | 1 | 320 | / | 180 |
| Tree of Eternity | 1 | 330 | / | 200 |
| total: | 47 | 8770g | / | 2490w |
| 0:01 | Wisp |
| 0:03 | Altar of Elders |
| 0:14 | Wisp |
| 0:18 | Moon Well |
| 0:20 | Wisp |
| 0:31 | Wisp |
| 0:37 | Wisp |
| 0:45 | Wisp |
| 0:51 | Wisp |
| 1:28 | Moon Well |
| 1:30 | Wisp |
| 1:58 | Wisp |
| 2:05 | Wisp |
| 2:06 | Entangling Roots |
| 2:16 | Wisp |
| 2:22 | Wisp |
| 2:38 | Wisp |
| 3:08 | Wisp |
| 3:22 | Wisp |
| 3:53 | Boots of Speed |
| 3:56 | Staff of Teleportation |
| 4:32 | Tree of Ages |
| 5:01 | Moon Well |
| 5:42 | Thorns Aura |
| 7:07 | Moon Well |
| 7:28 | Moon Well |
| 7:59 | Trueshot Aura |
| 8:00 | Tree of Eternity |
| 8:45 | Boots of Speed |
| 8:46 | Staff of Teleportation |
| 9:37 | Moon Well |
| 9:38 | Moon Well |
| 9:42 | Hunter's Hall |
| 9:54 | Moon Well |
| 10:12 | Moon Well |
| 10:56 | Frost Arrows |
| 11:04 | Wisp |
| 11:04 | Wisp |
| 11:10 | Entangling Roots |
| 11:33 | Potion of Invisibility |
| 11:55 | Well Spring |
| 12:17 | Ancient of Wonders |
| 12:21 | Ancient of Wonders |
| 12:39 | Wisp |
| 12:39 | Wisp |
| 12:39 | Wisp |
| 12:39 | Wisp |
| 12:56 | Wisp |
| 12:59 | Ancient of Wonders |
| 13:00 | Ancient of Wonders |
| 14:11 | Ultravision |
| 14:19 | Scroll of Regeneration |
| 14:47 | Scroll of Regeneration |
| 15:21 | Nature's Blessing |
| 15:45 | Searing Arrows |
| 16:00 | Orb of Venom |
| 16:12 | Scroll of Regeneration |
| 16:12 | Staff of Sanctuary |
| 16:46 | Lesser Clarity Potion |
| 18:00 | Lesser Clarity Potion |
| 18:07 | Scroll of Regeneration |
| 18:36 | Moon Well |
| 18:39 | Forked Lightning |
| 19:10 | Staff of Sanctuary |
| 19:22 | Moon Well |
| 19:23 | Moon Well |
| 19:28 | Staff of Teleportation |
| 19:29 | Circlet of Nobility |
| 19:34 | Moon Well |
| 19:37 | Moon Well |
| 20:27 | Scroll of Regeneration |
| 20:33 | Staff of Sanctuary |
| 20:44 | Moon Well |
| 21:23 | Moon Well |
| 21:43 | Moon Well |
| 21:55 | Moon Well |
| 22:09 | Tree of Life |
| 22:26 | Moon Well |
| 23:05 | Tree of Life |
| 23:40 | Trueshot Aura |
| 25:00 | Thorns Aura |
| 25:02 | Frost Arrows |
| 27:36 | Wisp |
| 27:36 | Wisp |
| 27:37 | Wisp |
| 27:37 | Wisp |
| 27:37 | Wisp |
| 27:40 | Wisp |
| 27:40 | Wisp |
| 27:40 | Wisp |
| 27:52 | Periapt of Vitality |
| 27:54 | Circlet of Nobility |
| 28:23 | Tree of Life |
| 28:41 | Moon Well |
| 28:46 | Moon Well |
| 29:43 | Moon Well |
| 29:43 | Moon Well |
| 29:44 | Moon Well |
| 29:46 | Moon Well |
| 29:48 | Scroll of Regeneration |
| 29:50 | Lesser Clarity Potion |
| 29:52 | Lesser Clarity Potion |
| 31:20 | Tree of Life |
| 31:37 | Moon Well |
| 31:38 | Moon Well |
| 31:39 | Moon Well |
| 31:39 | Moon Well |
| 31:58 | Circlet of Nobility |
| 32:00 | Periapt of Vitality |
| 33:58 | Moon Well |
| 33:59 | Moon Well |
| 33:59 | Moon Well |
| 34:00 | Moon Well |
| 34:01 | Moon Well |
| 34:01 | Moon Well |
| 34:02 | Moon Well |
| 34:55 | Wisp |
| 34:55 | Wisp |
| 34:55 | Wisp |
| 34:55 | Wisp |
| 34:56 | Wisp |
| 35:20 | Searing Arrows |
| 35:44 | Forked Lightning |
| 36:27 | Entangling Roots |
| 38:54 | Moon Well |
| Right click | 2839 |
| Select group | 1827 |
| Select | 535 |
| Assign group | 447 |
| Resource trade | 248 |
| Chat | 241 |
| Build/train/purchase | 146 |
| Use ability | 119 |
| Misc. action | 85 |
| Item give/drop | 2 |
| Minimap ping | 1 |



| Scroll of Regeneration | 1 | 100 |
| Staff of Sanctuary | 3 | 750 |
| Staff of Teleportation | 3 | 450 |
| Boots of Speed | 2 | 500 |
| Circlet of Nobility | 1 | 175 |
| Periapt of Vitality | 1 | 325 |
| Orb of Venom | 3 | 975 |
| total: | 14 | 3275g |
| Peasant | 23 | 1725 | / | 0 |
| total: | 23 | 1725g | / | 0w |
| Scout Tower | 161 | 4830 | / | 3220 |
| Arcane Tower | 2 | 140 | / | 100 |
| Guard Tower | 61 | 4270 | / | 3050 |
| Altar of Kings | 1 | 180 | / | 50 |
| Farm | 4 | 320 | / | 80 |
| Lumber Mill | 1 | 120 | / | 0 |
| Town Hall | 1 | 385 | / | 205 |
| Arcane Vault | 2 | 260 | / | 60 |
| Arcane Sanctum | 1 | 150 | / | 140 |
| Keep | 1 | 320 | / | 210 |
| Castle | 1 | 360 | / | 210 |
| total: | 171 | 6245g | / | 3755w |
| 0:01 | Peasant |
| 0:04 | Altar of Kings |
| 0:07 | Peasant |
| 0:19 | Farm |
| 0:27 | Peasant |
| 0:33 | Peasant |
| 0:43 | Lumber Mill |
| 0:44 | Peasant |
| 0:56 | Scout Tower |
| 1:01 | Scout Tower |
| 1:05 | Peasant |
| 1:12 | Peasant |
| 1:21 | Scout Tower |
| 1:25 | Arcane Tower |
| 1:27 | Scout Tower |
| 1:31 | Farm |
| 1:33 | Farm |
| 1:34 | Peasant |
| 1:39 | Arcane Tower |
| 1:46 | Peasant |
| 1:51 | Scout Tower |
| 1:53 | Guard Tower |
| 2:06 | Blizzard |
| 2:10 | Guard Tower |
| 2:14 | Peasant |
| 2:15 | Farm |
| 2:19 | Scout Tower |
| 2:19 | Guard Tower |
| 2:24 | Improved Masonry |
| 2:32 | Scout Tower |
| 2:34 | Scout Tower |
| 2:37 | Peasant |
| 3:23 | Guard Tower |
| 3:25 | Scout Tower |
| 3:26 | Scout Tower |
| 3:28 | Guard Tower |
| 3:29 | Guard Tower |
| 3:30 | Scout Tower |
| 3:30 | Scout Tower |
| 3:31 | Scout Tower |
| 3:31 | Scout Tower |
| 3:38 | Scout Tower |
| 3:38 | Scout Tower |
| 3:42 | Staff of Teleportation |
| 3:47 | Peasant |
| 3:48 | Peasant |
| 4:31 | Peasant |
| 4:35 | Guard Tower |
| 4:37 | Guard Tower |
| 4:41 | Town Hall |
| 4:43 | Scout Tower |
| 4:43 | Scout Tower |
| 4:46 | Scout Tower |
| 4:46 | Scout Tower |
| 5:07 | Keep |
| 5:20 | Guard Tower |
| 5:22 | Scout Tower |
| 5:23 | Scout Tower |
| 5:23 | Scout Tower |
| 5:24 | Scout Tower |
| 5:26 | Scout Tower |
| 5:26 | Scout Tower |
| 5:27 | Scout Tower |
| 5:27 | Scout Tower |
| 5:28 | Guard Tower |
| 5:32 | Brilliance Aura |
| 5:43 | Guard Tower |
| 5:48 | Scout Tower |
| 5:49 | Scout Tower |
| 5:49 | Scout Tower |
| 6:18 | Scroll of Regeneration |
| 6:27 | Guard Tower |
| 6:29 | Peasant |
| 7:12 | Guard Tower |
| 7:13 | Scout Tower |
| 7:14 | Scout Tower |
| 7:14 | Scout Tower |
| 7:14 | Scout Tower |
| 7:16 | Guard Tower |
| 7:18 | Scout Tower |
| 7:34 | Advanced Masonry |
| 7:45 | Castle |
| 7:50 | Scout Tower |
| 7:50 | Scout Tower |
| 7:51 | Scout Tower |
| 7:51 | Scout Tower |
| 7:52 | Scout Tower |
| 7:53 | Scout Tower |
| 7:54 | Scout Tower |
| 7:54 | Scout Tower |
| 8:01 | Peasant |
| 8:01 | Peasant |
| 8:08 | Guard Tower |
| 8:17 | Peasant |
| 8:17 | Peasant |
| 8:35 | Guard Tower |
| 8:41 | Guard Tower |
| 9:02 | Guard Tower |
| 9:04 | Scout Tower |
| 9:04 | Scout Tower |
| 9:05 | Scout Tower |
| 9:05 | Scout Tower |
| 9:47 | Storm Bolt |
| 9:50 | Guard Tower |
| 9:51 | Scout Tower |
| 9:51 | Scout Tower |
| 9:52 | Scout Tower |
| 9:52 | Scout Tower |
| 10:13 | Peasant |
| 10:14 | Imbued Masonry |
| 10:16 | Peasant |
| 10:17 | Guard Tower |
| 10:28 | Staff of Teleportation |
| 10:28 | Boots of Speed |
| 10:37 | Arcane Vault |
| 10:42 | Guard Tower |
| 10:43 | Guard Tower |
| 10:45 | Blizzard |
| 10:48 | Guard Tower |
| 11:23 | Guard Tower |
| 11:24 | Scout Tower |
| 11:24 | Scout Tower |
| 11:24 | Scout Tower |
| 11:25 | Scout Tower |
| 11:34 | Bash |
| 11:37 | Holy Light |
| 11:39 | Guard Tower |
| 11:41 | Scout Tower |
| 11:41 | Scout Tower |
| 11:41 | Scout Tower |
| 11:42 | Scout Tower |
| 12:14 | Guard Tower |
| 12:15 | Scout Tower |
| 12:15 | Scout Tower |
| 12:16 | Scout Tower |
| 12:16 | Scout Tower |
| 12:18 | Guard Tower |
| 12:19 | Scout Tower |
| 12:20 | Scout Tower |
| 12:20 | Scout Tower |
| 12:21 | Scout Tower |
| 12:49 | Guard Tower |
| 12:59 | Improved Lumber Harvesting |
| 13:02 | Arcane Vault |
| 13:02 | Guard Tower |
| 13:03 | Scout Tower |
| 13:04 | Scout Tower |
| 13:04 | Scout Tower |
| 13:04 | Scout Tower |
| 13:19 | Guard Tower |
| 13:32 | Guard Tower |
| 13:34 | Scout Tower |
| 13:37 | Scout Tower |
| 13:37 | Scout Tower |
| 13:38 | Scout Tower |
| 13:38 | Scout Tower |
| 14:13 | Advanced Lumber Harvesting |
| 14:21 | Guard Tower |
| 14:22 | Scout Tower |
| 14:22 | Scout Tower |
| 14:23 | Scout Tower |
| 14:24 | Scout Tower |
| 14:30 | Orb of Venom |
| 14:42 | Peasant |
| 14:46 | Peasant |
| 14:50 | Staff of Sanctuary |
| 14:52 | Staff of Sanctuary |
| 15:22 | Guard Tower |
| 15:29 | Guard Tower |
| 15:31 | Scout Tower |
| 15:31 | Scout Tower |
| 15:32 | Scout Tower |
| 15:32 | Scout Tower |
| 15:39 | Scout Tower |
| 15:39 | Scout Tower |
| 15:39 | Scout Tower |
| 16:05 | Staff of Teleportation |
| 16:06 | Boots of Speed |
| 16:19 | Scout Tower |
| 16:20 | Scout Tower |
| 16:21 | Guard Tower |
| 16:49 | Guard Tower |
| 16:50 | Scout Tower |
| 16:51 | Scout Tower |
| 16:51 | Scout Tower |
| 16:51 | Scout Tower |
| 18:00 | Guard Tower |
| 18:58 | Scout Tower |
| 18:59 | Scout Tower |
| 19:00 | Scout Tower |
| 19:00 | Scout Tower |
| 19:11 | Staff of Sanctuary |
| 19:17 | Scout Tower |
| 19:18 | Scout Tower |
| 19:18 | Scout Tower |
| 19:18 | Scout Tower |
| 19:25 | Arcane Sanctum |
| 19:46 | Guard Tower |
| 19:51 | Scout Tower |
| 20:10 | Guard Tower |
| 20:27 | Guard Tower |
| 20:28 | Scout Tower |
| 20:30 | Scout Tower |
| 20:30 | Scout Tower |
| 20:31 | Scout Tower |
| 20:31 | Scout Tower |
| 20:36 | Scout Tower |
| 20:36 | Scout Tower |
| 20:39 | Magic Sentry |
| 21:02 | Divine Shield |
| 21:44 | Guard Tower |
| 21:45 | Scout Tower |
| 21:46 | Scout Tower |
| 21:46 | Scout Tower |
| 21:47 | Scout Tower |
| 21:56 | Storm Bolt |
| 22:04 | Scout Tower |
| 22:05 | Scout Tower |
| 22:05 | Scout Tower |
| 22:06 | Scout Tower |
| 22:15 | Orb of Venom |
| 22:30 | Guard Tower |
| 22:34 | Guard Tower |
| 22:52 | Circlet of Nobility |
| 22:56 | Periapt of Vitality |
| 23:04 | Brilliance Aura |
| 23:20 | Guard Tower |
| 23:21 | Scout Tower |
| 23:22 | Scout Tower |
| 23:23 | Scout Tower |
| 23:23 | Scout Tower |
| 25:38 | Scout Tower |
| 25:39 | Scout Tower |
| 25:39 | Scout Tower |
| 25:40 | Scout Tower |
| 25:41 | Scout Tower |
| 25:42 | Scout Tower |
| 25:42 | Scout Tower |
| 25:43 | Scout Tower |
| 25:49 | Scout Tower |
| 25:50 | Scout Tower |
| 25:51 | Scout Tower |
| 25:51 | Scout Tower |
| 26:11 | Guard Tower |
| 26:12 | Scout Tower |
| 26:13 | Scout Tower |
| 26:13 | Scout Tower |
| 26:13 | Scout Tower |
| 27:32 | Holy Light |
| 27:38 | Guard Tower |
| 27:40 | Scout Tower |
| 27:40 | Scout Tower |
| 27:41 | Scout Tower |
| 27:41 | Scout Tower |
| 27:49 | Guard Tower |
| 27:51 | Scout Tower |
| 27:51 | Scout Tower |
| 27:52 | Scout Tower |
| 27:52 | Scout Tower |
| 27:53 | Scout Tower |
| 27:53 | Scout Tower |
| 27:54 | Scout Tower |
| 27:54 | Scout Tower |
| 28:20 | Guard Tower |
| 28:39 | Guard Tower |
| 29:18 | Guard Tower |
| 29:25 | Guard Tower |
| 29:38 | Guard Tower |
| 31:08 | Blizzard |
| 31:15 | Scout Tower |
| 31:16 | Scout Tower |
| 31:26 | Scout Tower |
| 31:26 | Scout Tower |
| 31:27 | Scout Tower |
| 31:27 | Scout Tower |
| 31:27 | Scout Tower |
| 31:28 | Scout Tower |
| 31:29 | Scout Tower |
| 31:46 | Guard Tower |
| 32:05 | Scout Tower |
| 32:06 | Scout Tower |
| 32:15 | Guard Tower |
| 32:16 | Guard Tower |
| 32:20 | Orb of Venom |
| 32:30 | Guard Tower |
| 32:48 | Guard Tower |
| 33:25 | Bash |
| 35:46 | Guard Tower |
| 36:27 | Divine Shield |
| 40:48 | Storm Bolt |
| 40:59 | Mass Teleport |
| Right click | 3206 |
| Select | 1594 |
| Select group | 1012 |
| Chat | 331 |
| Build/train/purchase | 153 |
| Assign group | 152 |
| Use ability | 138 |
| Resource trade | 18 |
| Minimap ping | 9 |
| Misc. action | 6 |
| Item give/drop | 6 |
| Remove unit | 1 |



| Potion of Healing | 3 | 450 |
| Staff of Sanctuary | 3 | 750 |
| Potion of Mana | 2 | 400 |
| Scroll of Town Portal | 1 | 350 |
| Boots of Speed | 4 | 1000 |
| Periapt of Vitality | 2 | 650 |
| Circlet of Nobility | 2 | 350 |
| Staff of Teleportation | 3 | 450 |
| Orb of Venom | 3 | 975 |
| total: | 23 | 5375g |
| Peasant | 17 | 1275 | / | 0 |
| Priest | 1 | 135 | / | 10 |
| Dragonhawk Rider | 6 | 1200 | / | 180 |
| total: | 24 | 2610g | / | 190w |
| Scout Tower | 119 | 3570 | / | 2380 |
| Arcane Tower | 5 | 350 | / | 250 |
| Guard Tower | 73 | 5110 | / | 3650 |
| Altar of Kings | 1 | 180 | / | 50 |
| Farm | 6 | 480 | / | 120 |
| Lumber Mill | 1 | 120 | / | 0 |
| Arcane Vault | 2 | 260 | / | 60 |
| Town Hall | 2 | 770 | / | 410 |
| Blacksmith | 1 | 140 | / | 60 |
| Barracks | 3 | 480 | / | 180 |
| Arcane Sanctum | 1 | 150 | / | 140 |
| Gryphon Aviary | 2 | 280 | / | 300 |
| Keep | 1 | 320 | / | 210 |
| Castle | 1 | 360 | / | 210 |
| total: | 138 | 6430g | / | 3700w |
| 0:01 | Peasant |
| 0:01 | Peasant |
| 0:07 | Altar of Kings |
| 0:09 | Peasant |
| 0:10 | Peasant |
| 0:18 | Farm |
| 0:34 | Peasant |
| 0:39 | Farm |
| 0:41 | Scout Tower |
| 0:42 | Peasant |
| 1:05 | Lumber Mill |
| 1:07 | Peasant |
| 1:11 | Peasant |
| 1:17 | Scout Tower |
| 1:21 | Peasant |
| 1:34 | Arcane Tower |
| 1:37 | Peasant |
| 1:50 | Peasant |
| 1:53 | Scout Tower |
| 2:05 | Blizzard |
| 2:07 | Guard Tower |
| 2:08 | Peasant |
| 2:10 | Peasant |
| 2:40 | Guard Tower |
| 2:40 | Scout Tower |
| 2:41 | Scout Tower |
| 2:41 | Scout Tower |
| 2:51 | Keep |
| 2:53 | Improved Masonry |
| 3:18 | Brilliance Aura |
| 3:19 | Guard Tower |
| 3:22 | Farm |
| 3:23 | Farm |
| 4:18 | Guard Tower |
| 4:19 | Scout Tower |
| 4:20 | Scout Tower |
| 4:20 | Scout Tower |
| 4:21 | Scout Tower |
| 4:41 | Arcane Vault |
| 5:27 | Town Hall |
| 5:32 | Guard Tower |
| 5:37 | Scout Tower |
| 5:37 | Scout Tower |
| 5:38 | Scout Tower |
| 5:38 | Scout Tower |
| 5:39 | Scout Tower |
| 5:39 | Scout Tower |
| 5:40 | Scout Tower |
| 5:40 | Scout Tower |
| 5:41 | Scout Tower |
| 5:42 | Scout Tower |
| 5:42 | Scout Tower |
| 5:42 | Scout Tower |
| 5:43 | Scout Tower |
| 5:43 | Scout Tower |
| 5:44 | Scout Tower |
| 5:44 | Scout Tower |
| 6:17 | Guard Tower |
| 6:18 | Guard Tower |
| 6:20 | Improved Lumber Harvesting |
| 6:28 | Storm Bolt |
| 6:33 | Advanced Masonry |
| 6:34 | Castle |
| 6:37 | Arcane Tower |
| 6:59 | Guard Tower |
| 7:26 | Guard Tower |
| 7:31 | Guard Tower |
| 7:34 | Arcane Sanctum |
| 7:44 | Farm |
| 7:50 | Blizzard |
| 8:00 | Scout Tower |
| 8:01 | Scout Tower |
| 8:01 | Scout Tower |
| 8:02 | Scout Tower |
| 8:07 | Scroll of Town Portal |
| 8:12 | Guard Tower |
| 8:12 | Guard Tower |
| 8:16 | Arcane Vault |
| 8:33 | Guard Tower |
| 8:47 | Magic Sentry |
| 8:59 | Potion of Healing |
| 8:59 | Staff of Sanctuary |
| 9:00 | Potion of Mana |
| 9:03 | Potion of Healing |
| 9:42 | Guard Tower |
| 9:45 | Imbued Masonry |
| 10:03 | Guard Tower |
| 10:13 | Staff of Sanctuary |
| 10:25 | Scout Tower |
| 10:25 | Scout Tower |
| 10:26 | Scout Tower |
| 10:27 | Scout Tower |
| 10:28 | Priest |
| 10:30 | Advanced Lumber Harvesting |
| 10:38 | Guard Tower |
| 10:40 | Holy Light |
| 10:43 | Guard Tower |
| 10:44 | Guard Tower |
| 10:52 | Guard Tower |
| 10:53 | Guard Tower |
| 11:07 | Boots of Speed |
| 11:29 | Periapt of Vitality |
| 11:38 | Boots of Speed |
| 12:03 | Bash |
| 12:06 | Guard Tower |
| 12:07 | Arcane Tower |
| 12:08 | Guard Tower |
| 12:19 | Guard Tower |
| 12:20 | Arcane Tower |
| 12:20 | Guard Tower |
| 12:22 | Scout Tower |
| 12:22 | Scout Tower |
| 12:22 | Scout Tower |
| 12:53 | Guard Tower |
| 13:16 | Guard Tower |
| 13:25 | Boots of Speed |
| 13:26 | Circlet of Nobility |
| 13:28 | Staff of Teleportation |
| 13:38 | Staff of Sanctuary |
| 13:50 | Staff of Teleportation |
| 13:50 | Circlet of Nobility |
| 13:55 | Orb of Venom |
| 14:30 | Guard Tower |
| 14:32 | Scout Tower |
| 14:32 | Scout Tower |
| 14:33 | Scout Tower |
| 14:50 | Boots of Speed |
| 14:50 | Periapt of Vitality |
| 15:35 | Guard Tower |
| 15:36 | Arcane Tower |
| 15:56 | Orb of Venom |
| 15:56 | Orb of Venom |
| 16:46 | Scout Tower |
| 16:46 | Scout Tower |
| 16:47 | Scout Tower |
| 16:48 | Scout Tower |
| 16:48 | Scout Tower |
| 16:48 | Scout Tower |
| 16:49 | Scout Tower |
| 16:49 | Scout Tower |
| 16:49 | Scout Tower |
| 16:49 | Scout Tower |
| 16:49 | Scout Tower |
| 16:49 | Scout Tower |
| 17:17 | Scout Tower |
| 17:18 | Scout Tower |
| 17:18 | Scout Tower |
| 17:18 | Scout Tower |
| 17:19 | Scout Tower |
| 17:19 | Scout Tower |
| 17:54 | Guard Tower |
| 18:03 | Guard Tower |
| 18:08 | Scout Tower |
| 18:09 | Scout Tower |
| 18:09 | Scout Tower |
| 18:10 | Scout Tower |
| 18:10 | Scout Tower |
| 18:10 | Scout Tower |
| 18:14 | Peasant |
| 18:15 | Peasant |
| 18:15 | Peasant |
| 19:06 | Scout Tower |
| 19:07 | Scout Tower |
| 19:07 | Scout Tower |
| 19:08 | Scout Tower |
| 19:09 | Scout Tower |
| 19:10 | Scout Tower |
| 19:10 | Scout Tower |
| 19:10 | Scout Tower |
| 19:11 | Scout Tower |
| 19:12 | Scout Tower |
| 19:13 | Scout Tower |
| 19:13 | Scout Tower |
| 19:14 | Scout Tower |
| 19:14 | Scout Tower |
| 19:16 | Scout Tower |
| 19:16 | Scout Tower |
| 19:18 | Scout Tower |
| 19:31 | Blacksmith |
| 19:33 | Barracks |
| 19:34 | Guard Tower |
| 19:40 | Guard Tower |
| 19:41 | Guard Tower |
| 19:47 | Staff of Teleportation |
| 20:05 | Guard Tower |
| 20:06 | Guard Tower |
| 20:52 | Guard Tower |
| 20:52 | Guard Tower |
| 20:53 | Guard Tower |
| 21:56 | Guard Tower |
| 22:37 | Iron Forged Swords |
| 22:37 | Studded Leather Armor |
| 23:20 | Guard Tower |
| 23:28 | Scout Tower |
| 23:29 | Scout Tower |
| 23:29 | Scout Tower |
| 24:10 | Potion of Mana |
| 24:12 | Potion of Healing |
| 24:23 | Divine Shield |
| 24:46 | Storm Bolt |
| 24:57 | Brilliance Aura |
| 24:59 | Guard Tower |
| 25:03 | Peasant |
| 25:46 | Scout Tower |
| 25:47 | Scout Tower |
| 25:48 | Scout Tower |
| 25:48 | Scout Tower |
| 25:49 | Scout Tower |
| 25:50 | Scout Tower |
| 25:50 | Scout Tower |
| 25:51 | Scout Tower |
| 25:52 | Scout Tower |
| 25:52 | Scout Tower |
| 25:52 | Scout Tower |
| 25:53 | Scout Tower |
| 27:24 | Scout Tower |
| 27:24 | Scout Tower |
| 27:25 | Scout Tower |
| 27:25 | Scout Tower |
| 27:26 | Scout Tower |
| 27:26 | Scout Tower |
| 27:27 | Scout Tower |
| 27:27 | Scout Tower |
| 27:28 | Guard Tower |
| 27:36 | Guard Tower |
| 27:40 | Scout Tower |
| 27:40 | Scout Tower |
| 27:42 | Guard Tower |
| 28:59 | Guard Tower |
| 29:07 | Scout Tower |
| 29:08 | Scout Tower |
| 29:08 | Scout Tower |
| 29:08 | Scout Tower |
| 29:09 | Scout Tower |
| 29:09 | Scout Tower |
| 29:37 | Guard Tower |
| 29:41 | Guard Tower |
| 30:39 | Holy Light |
| 31:16 | Gryphon Aviary |
| 31:16 | Gryphon Aviary |
| 31:19 | Barracks |
| 31:25 | Farm |
| 31:30 | Scout Tower |
| 31:30 | Scout Tower |
| 31:31 | Scout Tower |
| 31:31 | Scout Tower |
| 31:32 | Scout Tower |
| 31:32 | Scout Tower |
| 31:33 | Scout Tower |
| 31:42 | Guard Tower |
| 31:42 | Guard Tower |
| 31:42 | Guard Tower |
| 31:56 | Town Hall |
| 32:11 | Barracks |
| 32:39 | Dragonhawk Rider |
| 32:40 | Dragonhawk Rider |
| 33:11 | Dragonhawk Rider |
| 33:11 | Dragonhawk Rider |
| 33:14 | Steel Forged Swords |
| 33:14 | Reinforced Leather Armor |
| 34:02 | Dragonhawk Rider |
| 34:19 | Dragonhawk Rider |
| 34:19 | Cloud |
| 34:35 | Animal War Training |
| 34:50 | Guard Tower |
| 35:48 | Mithril Forged Swords |
| 35:48 | Dragonhide Armor |
| 37:11 | Bash |
| 37:21 | Brilliance Aura |
| 40:20 | Divine Shield |
| Right click | 4453 |
| Select | 1272 |
| Select group | 841 |
| Chat | 402 |
| Build/train/purchase | 243 |
| Use ability | 202 |
| Resource trade | 23 |
| Misc. action | 21 |
| Assign group | 18 |
| Minimap ping | 16 |
| Item give/drop | 11 |
| Remove unit | 2 |
| Esc | 1 |
⇛